 Dungeon Crawl Stone Soup version 0.28.0-1-gb440e238dd (webtiles) character file.

Game seed: 15750231624372707790

73070 Kaptain the Geomancer (level 15, -3/108 HPs)
             Began as an Octopode Earth Elementalist on Feb 21, 2022.
             Slain by a goliath frog (23 damage)
             ... on level 1 of the Swamp.
             The game lasted 01:40:52 (34630 turns).

Kaptain the Geomancer (OpEE)                       Turns: 34630, Time: 01:40:52

Health: -3/108     AC:  2    Str:  7    XL:     15   Next: 42%
Magic:  11/39      EV: 22    Int: 25    God:
Gold:   1971       SH: 15    Dex: 21    Spells: 13/36 levels left

rFire   . . .      SeeInvis +   Y - staff of poison
rCold   + . .      Faith    .   D - +0 kite shield
rNeg    + . .      Spirit   .   w - +3 crown of Dyrovepreva {rElec Int+2 SInv}
rPois   +          Reflect  .   M - amulet of magic regeneration
rElec   +          Harm     .   j - ring of positive energy
rCorr   .          Rampage  .   x - ring of protection from cold
Will    +....                   n - +4 ring of slaying
Stlth   +++++++...              O - ring of Democracy {Fly rElec}
HPRegen 0.28/turn               T - +6 ring of dexterity
MPRegen 0.66/turn               V - ring of magical power
                                W - +4 ring of slaying
                                Z - +4 ring of evasion

@: corroded, flying
A: almost no armour, amphibious, 8 rings, camouflage 1, gelatinous body 1,
nimble swimmer 1, tentacles, iridescent scales 1, large bone plates 1
a: no special abilities


You were on level 1 of the Swamp.
You visited 5 branches of the dungeon, and saw 22 of its levels.

You collected 1971 gold pieces.

Inventory:

Hand Weapons
 k - a +4 scimitar
 q - the +4 long sword of Kioskoycs {drain, rF+ Will+ Str+4 Dex+2}
   (You found it on level 4 of the Dungeon)

   A truly terrible weapon, it drains the life of any living foe it strikes.
   Str:       It affects your strength (+4).
   Dex:       It affects your dexterity (+2).
   rF:        It protects you from fire.
   Will:      It increases your willpower.
 A - a +2 morningstar of protection
 P - the +4 flail "Binineef" {vorpal, rF+ rN+ MP+9}
   (You found it on level 4 of the Lair of Beasts)

   It inflicts extra damage upon your enemies.
   rF:        It protects you from fire.
   rN:        It protects you from negative energy.
   MP:        It affects your magic capacity (+9).
Missiles
 b - 331 stones (quivered)
 d - 2 atropa-tipped darts
 m - 22 poisoned darts
 y - 2 throwing nets
 N - 6 silver javelins
Armour
 w - the +3 crown of Dyrovepreva (worn) {rElec Int+2 SInv}
   (You acquired it on level 10 of the Dungeon)

   Int:       It affects your intelligence (+2).
   rElec:     It insulates you from electricity.
   SInv:      It lets you see invisible.
 D - a +0 kite shield (worn)
Magical Staves
 i - a staff of earth
 X - a staff of air
 Y - a staff of poison (weapon)
Jewellery
 c - a ring of ice
 h - a ring of see invisible
 j - a ring of positive energy (left tentacle)
 n - a +4 ring of slaying (on tentacle)
 x - a ring of protection from cold (right tentacle)
 M - an amulet of magic regeneration (around mantle)
 O - the ring of Democracy (on tentacle) {Fly rElec}
   (You found it on level 4 of the Lair of Beasts)

   [ring of flight]

   rElec:     It insulates you from electricity.
   Fly:       It grants you flight.
 T - a +6 ring of dexterity (on tentacle)
 V - a ring of magical power (on tentacle)
 W - a +4 ring of slaying (on tentacle)
 Z - a +4 ring of evasion (on tentacle)
Wands
 l - a wand of digging (8)
 u - a wand of flame (37)
 F - a wand of paralysis (8)
 H - a wand of iceblast (5)
 I - a wand of acid (3)
Scrolls
 e - a scroll of summoning
 f - a scroll of fog
 p - 10 scrolls of fear
 s - 3 scrolls of teleportation
 B - 3 scrolls of blinking
 E - 4 scrolls of identify
 J - a scroll of magic mapping
 R - a scroll of silence
Potions
 a - 8 potions of curing
 g - 2 potions of mutation
 o - a potion of haste
 r - 2 potions of flight
 t - 3 potions of magic
 z - 6 potions of might
 C - 7 potions of lignification
 G - 2 potions of heal wounds
 K - 3 potions of resistance
 L - a potion of berserk rage
 S - a potion of cancellation
 U - 2 potions of invisibility
Miscellaneous
 v - a tin of tremorstones (2/2)
 Q - a phantom mirror


   Skills:
 * Level 11.6 Fighting
 + Level 8.5 Dodging
 - Level 10.9 Stealth
 + Level 6.8 Shields
 * Level 11.0 Spellcasting
 * Level 11.5 Conjurations
 * Level 6.5 Transmutations
 * Level 12.1 Earth Magic


You had 13 spell levels left.
You knew the following spells:

 Your Spells              Type           Power      Damage    Failure   Level
a - Sandblast             Erth           100%       2d20      1%          1
b - Stone Arrow           Conj/Erth      100%       3d13      1%          3
c - Mephitic Cloud        Conj/Pois/Air  49%        N/A       7%          3
d - Swiftness             Air            13%        N/A       34%         3
e - Sticky Flame          Conj/Fire      42%        2d6       11%         4
f - Fireball              Conj/Fire      21%        3d10      30%         5
g - Petrify               Tmut/Erth      57%        N/A       2%          4

Your spell library contained the following spells:

 Spells                   Type           Power      Damage    Failure   Level
 Beastly Appendage        Tmut           92%        N/A       1%          1
 Shock                    Conj/Air       100%       1d9       1%          1
 Passwall                 Tmut/Erth      47%        N/A       1%          2
 Wereblood                Tmut           46%        N/A       1%          2
 Spider Form              Tmut/Pois      45%        N/A       9%          3
 Leda's Liquefaction      Hex/Erth       22%        N/A       10%         4
 Ignite Poison            Fire/Tmut/Pois 37%        N/A       14%         3
 Ensorcelled Hibernation  Hex/Ice        26%        N/A       17%         2
 Ice Form                 Ice/Tmut       30%        N/A       30%         4
 Call Canine Familiar     Summ           13%        N/A       34%         3
 Portal Projectile        Hex/Tloc       26%        N/A       34%         3
 Freezing Cloud           Conj/Ice/Air   16%        6-21      54%         5
 Airstrike                Air            6%         N/A       75%         4
 Anguish                  Hex/Necr       6%         N/A       75%         4
 Animate Dead             Necr           6%         N/A       75%         4
 Summon Lightning Spire   Summ/Air       13%        N/A       75%         4
 Starburst                Conj/Fire      21%        6d7       86%         6
 Dragon Form              Tmut           23%        N/A       100%        7
 Haunt                    Necr/Summ      6%         N/A       100%        7
 Storm Form               Tmut/Air       15%        N/A       100%        7
 Ignition                 Fire           6%         3d4       100%        8
 Infestation              Necr           6%         N/A       100%        8
 Maxwell's Capacitive Co  Air            6%         ∞         100%        8


Dungeon Overview and Level Annotations

Branches:
Dungeon (12/15)            Temple (0/1) D:4            Lair (6/6) D:10
  Swamp (1/4) Lair:3       Spider (0/4) Lair:4        Slime (1/5) Lair:5
    Orc (2/2) D:12            Elf (0/3) Orc:2

Altars:
Elyvilon
Hepliaklqana
Nemelex Xobeh
Okawaru
Sif Muna
Uskayaw
Wu Jian
The Shining One
Beogh
Jiyva

Shops:
D:8 (   Orc:2 :(**


Innate Abilities, Weirdness & Mutations

You cannot wear most types of armour.
You are amphibious.
You can wear up to eight rings at the same time.
Your skin changes colour to match your surroundings (Stealth+).
Your rubbery body absorbs attacks. (AC +1, EV +1)
You are camouflaged when in or above water. (Stealth+)
You have tentacles for arms and can constrict up to eight enemies at once.
You are partially covered in iridescent scales. (AC +2)
You are partially covered in large bone plates. (SH +4)


Message History

Casting: Stone Arrow (safe; 1% risk of failure)
Confirm with . or Enter, or press ? or * to list all spells.
Aiming: Stone Arrow (safe; 1% risk of failure)
Press: ? - help, Shift-Dir - straight line, f/p - swamp dragon
Aim: a swamp dragon (almost dead, 87% to hit)
The stone arrow hits the swamp dragon!
You kill the swamp dragon!
The swamp dragon scales are intact enough to wear.
The goliath frog completely misses you.
Casting: Stone Arrow (safe; 1% risk of failure)
Confirm with . or Enter, or press ? or * to list all spells.
Aiming: Stone Arrow (safe; 1% risk of failure)
Press: ? - help, Shift-Dir - straight line, f - goliath frog
Aim: a goliath frog (61% to hit)
The stone arrow hits the goliath frog!
The goliath frog is moderately wounded.
You block the goliath frog's attack.
Unknown command.
Casting: Stone Arrow (safe; 1% risk of failure)
Confirm with . or Enter, or press ? or * to list all spells.
Aiming: Stone Arrow (safe; 1% risk of failure)
Press: ? - help, Shift-Dir - straight line, f/p - goliath frog
Aim: a goliath frog (moderately wounded, 61% to hit)
The stone arrow hits the goliath frog!
The goliath frog is heavily wounded.
You block the goliath frog's attack.
Unknown command.
Casting: Stone Arrow (safe; 1% risk of failure)
Confirm with . or Enter, or press ? or * to list all spells.
Aiming: Stone Arrow (safe; 1% risk of failure)
Press: ? - help, Shift-Dir - straight line, f/p - goliath frog
Aim: a goliath frog (heavily wounded, 61% to hit)
The stone arrow hits the goliath frog!
The goliath frog is almost dead.
The goliath frog hits you from afar.
* * * LOW HITPOINT WARNING * * *
The acid corrodes you!
You are splashed with acid!
* * * LOW HITPOINT WARNING * * *
The goliath frog hits you from afar!!
You die...

≈. ♣ . ♣. . ♣♣♣♣ ♣♣§♣.
♣♣♣♣♣≈.≈ ♣....♣ ♣♣♣♣♣
♣♣.≈..... ≈.≈≈..♣♣...♣♣
♣.≈≈♣..≈≈
≈.≈≈♣.......♣♣♣♣..♣♣.♣♣♣
≈.≈≈.≈≈@[F.≈.♣♣≈.....♣ ♣
§≈≈.≈≈≈≈..≈≈.♣♣°○○...♣♣♣
♣≈..≈≈≈≈≈≈≈≈≈≈≈..°......
♣≈≈.≈≈≈≈≈≈≈≈≈≈≈≈.°♣♣♣.).
♣♣≈≈.≈≈≈≈≈≈≈≈....≈♣ ♣.†.
♣.♣..≈≈≈≈≈≈≈.≈≈..♣♣♣.†≈
♣.≈≈.≈≈≈≈≈≈.≈.≈........
♣..≈..........≈...≈≈≈..
.≈♣♣.≈....≈.≈..♣♣♣♣≈.


You could see a goliath frog.

Vanquished Creatures
  An orc warlord (Orc:2)
  3 dire elephants (Lair:6)
  A fire dragon (Lair:4)
  A boulder beetle (D:12)
  4 hydras
  2 catoblepae
  10 two-headed ogres
  2 alligators (Swamp:1)
  4 death yaks
  5 orc high priests (Orc:2)
  Urug (Lair:3)
  The ghost of Laummuim the Gouger, a journeyman FeFi of Fedhas (Lair:4)
  Nergalle (Lair:3)
  A spectral anaconda (Lair:6)
  An obsidian statue (Lair:6)
  A bog body (Swamp:1)
  2 swamp dragons (Swamp:1)
  A lindwurm (Lair:6)
  3 orc knights (Orc:2)
  4 orc sorcerers (Orc:2)
  An oklob plant (Lair:6)
  An ugly thing (D:12)
  4 necromancers (Lair:6)
  2 cyclopes (Orc:2)
  A dire elephant zombie (Lair:6)
  12 elephants
  4 black mambas
  A torpor snail (Lair:4)
  8 cane toads
  A gargoyle (D:12)
  2 unseen horrors
  A dire elephant skeleton (Lair:6)
  A rime drake (Lair:4)
  Maggie (D:7)
  12 komodo dragons
  5 trolls
  2 polar bears (Lair:4)
  2 tyrant leeches (Swamp:1)
  12 blink frogs
  Prince Ribbit (D:9)
  4 fire bats (Lair:4)
  A vampire (D:10)
  8 wyverns
  47 yaks
  A basilisk (Lair:5)
  A fire elemental (Lair:4)
  A steam dragon (D:7)
  4 vampire mosquitoes
  A death yak simulacrum (Lair:6)
  7 wargs
  An acid dragon (D:12)
  15 water moccasins
  4 ice beasts
  36 orc warriors
  2 black bears
  11 ogres
  15 wolves
  3 centaurs
  2 elephant skeletons (Lair:6)
  2 kobold brigands
  Blork the orc (D:4)
  14 bullfrogs
  A gnoll sergeant (D:8)
  6 scorpions
  A water moccasin skeleton (D:4)
  9 killer bees
  26 wights
  3 electric eels
  8 howler monkeys
  2 jellies
  4 centaur zombies
  A bullfrog zombie (D:7)
  2 bullfrog skeletons
  31 orc priests
  A gnoll shaman (D:7)
  3 hounds
  A centaur skeleton (D:6)
  25 orc wizards
  2 killer bee zombies
  2 hound skeletons (D:4)
  A howler monkey zombie (D:6)
  5 adders
  19 gnolls
  2 white imps (D:6)
  An ufetubus (D:4)
  An adder skeleton (D:4)
  6 worms
  2 dart slugs
  115 orcs
  3 endoplasms
  11 giant cockroaches
  5 hobgoblins
  7 jackals
  2 quokkas
  4 ball pythons
  7 bats
  2 frilled lizards
  5 goblins
  9 kobolds
  8 rats
  A fire vortex (Lair:4)
648 creatures vanquished.

Vanquished Creatures (collateral kills)
  A hound (D:6)
1 creature vanquished.

Vanquished Creatures (others)
  An orc priest (Orc:2)
  An orc wizard (Orc:2)
  22 fungi
  28 plants
  18 withered plants (Lair:6)
70 creatures vanquished.

Grand Total: 719 creatures vanquished

Notes
Turn   | Place    | Note
-------+----------+-------------------------------------------
     0 | D:1      | Kaptain the Octopode Earth Elementalist began the quest for
                  | the Orb.
     0 | D:1      | Reached XP level 1. HP: 11/11 MP: 3/3
   221 | D:1      | Reached XP level 2. HP: 18/18 MP: 0/5
   696 | D:1      | Reached skill level 1 in Fighting
   732 | D:1      | Reached XP level 3. HP: 22/23 MP: 6/6
   736 | D:1      | Learned a level 3 spell: Stone Arrow
  1779 | D:2      | Found a faded altar of an unknown god.
  1809 | D:2      | Reached XP level 4. HP: 24/28 MP: 5/7
  2154 | D:3      | Reached skill level 1 in Conjurations
  2501 | D:3      | Noticed an ice beast
  2514 | D:3      | Killed an ice beast
  2515 | D:3      | Reached skill level 4 in Earth Magic
  2515 | D:3      | Reached XP level 5. HP: 34/34 MP: 5/9
  3043 | D:3      | Found an ornate altar of the Wu Jian Council.
  3398 | D:4      | Reached XP level 6. HP: 27/39 MP: 4/10
  3695 | D:4      | Found a sparkling altar of Nemelex Xobeh.
  3740 | D:4      | Identified the +4 long sword of Kioskoycs {drain, rF+ Will+
                  | Str+4 Dex+2}
  3796 | D:4      | Found a staircase to the Ecumenical Temple.
  4061 | D:4      | Noticed Blork the orc
  4067 | D:4      | Killed Blork the orc
  4068 | D:4      | Reached XP level 7. HP: 38/45 MP: 8/12
  4722 | D:5      | Entered Level 5 of the Dungeon
  5493 | D:6      | Reached XP level 8. HP: 53/53 MP: 7/14
  5658 | D:6      | Reached skill level 5 in Earth Magic
  5963 | D:6      | Reached skill level 5 in Stealth
  6923 | D:6      | Reached XP level 9. HP: 59/59 MP: 12/16
  6981 | D:6      | Reached skill level 5 in Spellcasting
  7046 | D:6      | Reached skill level 6 in Earth Magic
  7379 | D:6      | Reached skill level 5 in Fighting
  7379 | D:6      | Gained mutation: You are dopey. (Int -2) [potion of
                  | mutation]
  7379 | D:6      | Gained mutation: You tend to lose your temper in combat.
                  | [potion of mutation]
  7380 | D:6      | Lost mutation: You tend to lose your temper in combat.
                  | [potion of mutation]
  7380 | D:6      | Lost mutation: You are dopey. (Int -2) [potion of mutation]
  7380 | D:6      | Gained mutation: You are partially covered in large bone
                  | plates. (SH +4) [potion of mutation]
  7380 | D:6      | Gained mutation: You are partially covered in iridescent
                  | scales. (AC +2) [potion of mutation]
  7545 | D:6      | Found a white marble altar of Elyvilon.
  7719 | D:7      | Noticed Maggie
  7723 | D:7      | Reached skill level 5 in Conjurations
  7726 | D:7      | Killed Maggie
  8039 | D:7      | Learned a level 3 spell: Mephitic Cloud
  9297 | D:8      | Found Upliuzu's Antique Weapon Emporium.
  9490 | D:8      | Reached XP level 10. HP: 62/68 MP: 9/18
  9523 | D:8      | Reached skill level 7 in Earth Magic
  9724 | D:8      | Found a glowing golden altar of the Shining One.
  9821 | D:8      | Reached skill level 1 in Shields
 10604 | D:8      | Found a runed translucent door.
 11354 | D:8      | Reached skill level 5 in Dodging
 11520 | D:9      | Noticed a two-headed ogre
 11534 | D:8      | Killed a two-headed ogre
 12435 | D:9      | Noticed a two-headed ogre
 12441 | D:9      | Killed a two-headed ogre
 12442 | D:9      | Reached skill level 8 in Earth Magic
 12442 | D:9      | Reached XP level 11. HP: 75/75 MP: 8/21
 12782 | D:9      | Found a shimmering blue altar of Sif Muna.
 12793 | D:9      | Found a hide-covered altar of Uskayaw.
 12862 | D:9      | Noticed Prince Ribbit
 12870 | D:9      | Killed Prince Ribbit
 13362 | D:10     | Entered Level 10 of the Dungeon
 14573 | D:10     | Found a staircase to the Lair.
 15032 | D:10     | Found an iron altar of Okawaru.
 15371 | D:10     | Identified a scroll of acquirement
 15371 | D:10     | Acquired the +3 crown of Dyrovepreva {rElec Int+2 SInv}
 15371 | D:10     | Found the +3 crown of Dyrovepreva {rElec Int+2 SInv}
 15591 | D:11     | Noticed a two-headed ogre
 15597 | D:11     | Killed a two-headed ogre
 15790 | D:11     | Noticed a two-headed ogre
 15798 | D:11     | Killed a two-headed ogre
 16231 | Lair:1   | Entered Level 1 of the Lair of Beasts
 17143 | Lair:2   | Reached XP level 12. HP: 60/84 MP: 15/24
 17308 | Lair:2   | Noticed a catoblepas
 17317 | Lair:1   | Killed a catoblepas
 17318 | Lair:1   | Reached skill level 9 in Earth Magic
 18015 | Lair:2   | Learned a level 3 spell: Swiftness
 19955 | Lair:3   | Noticed Nergalle
 19968 | Lair:3   | Killed Nergalle
 20141 | Lair:3   | Noticed Urug
 20150 | Lair:3   | Killed Urug
 20434 | Lair:3   | Identified the +0 robe of Integrity {-Tele Will+ Str+3
                  | Dex+3}
 20487 | Lair:3   | You fall into a shaft and drop 1 floor!
 20781 | Lair:4   | Noticed a death yak
 20786 | Lair:4   | Noticed a death yak
 20787 | Lair:4   | Noticed a fire dragon
 20820 | Lair:4   | Killed a fire dragon
 20872 | Lair:4   | Reached skill level 10 in Earth Magic
 20872 | Lair:4   | Reached XP level 13. HP: 90/90 MP: 21/26
 20907 | Lair:4   | Reached skill level 5 in Shields
 20962 | Lair:4   | Reached skill level 10 in Stealth
 20989 | Lair:4   | Identified the +4 flail "Binineef" {vorpal, rF+ rN+ MP+9}
 20991 | Lair:4   | Identified the ring of Democracy {Fly rElec}
 21303 | Lair:4   | Found a hole to the Spider Nest.
 21429 | Lair:4   | Found a large runed translucent door.
 21429 | Lair:4   | Found a large runed translucent door.
 21433 | Lair:4   | Noticed Laummuim's ghost (journeyman FeFi)
 21440 | Lair:4   | Killed Laummuim's ghost
 21446 | Lair:4   | Got Camubil's Tome of Harmful Transmutation
 22433 | Lair:4   | Reached skill level 10 in Fighting
 22909 | Lair:5   | Found the +1 cloak of Starlight {*Dazzle EV+4 Stlth--}
 23009 | Lair:5   | Reached skill level 10 in Conjurations
 23180 | Lair:5   | Found a viscous altar of Jiyva.
 23180 | Lair:5   | Found a staircase to the Slime Pits.
 23926 | Lair:6   | Entered Level 6 of the Lair of Beasts
 24382 | Slime:1  | Entered Level 1 of the Pits of Slime
 24382 | Slime:1  | Noticed an azure jelly
 24420 | Lair:6   | Reached XP level 14. HP: 99/99 MP: 2/27
 24493 | Lair:6   | Learned a level 4 spell: Sticky Flame
 24651 | Lair:6   | Found a hazy altar of Hepliaklqana.
 25072 | D:12     | Found a staircase to the Orcish Mines.
 25844 | D:12     | Reached skill level 10 in Spellcasting
 26287 | Orc:1    | Entered Level 1 of the Orcish Mines
 26446 | Orc:1    | Reached skill level 11 in Earth Magic
 26627 | Orc:2    | Entered Level 2 of the Orcish Mines
 27631 | Orc:2    | Found Akoir's Weapon Shop.
 27642 | Orc:2    | Found Cedaces's Book Boutique.
 28212 | Orc:2    | Found a staircase to the Elven Halls.
 28431 | Orc:2    | Found Sadgh's General Store.
 28683 | Orc:2    | Found Buiratim's General Store.
 28752 | Orc:2    | Reached skill level 5 in Transmutations
 28792 | Orc:2    | Noticed an orc warlord
 28820 | Orc:2    | Killed an orc warlord
 29773 | Orc:1    | Noticed an orc warlord
 31329 | Lair:6   | Noticed a dire elephant
 31344 | Lair:6   | Reached XP level 15. HP: 66/107 MP: 6/29
 31501 | Lair:6   | Learned a level 5 spell: Fireball
 33095 | Lair:6   | Learned a level 4 spell: Petrify
 33338 | Lair:6   | Reached skill level 12 in Earth Magic
 33696 | Lair:3   | Found a staircase to the Swamp.
 34114 | Swamp:1  | Entered Level 1 of the Swamp
 34630 | Swamp:1  | Slain by a goliath frog

Illustrated notes

Levels and vault maps discovered:
D:1:      erik_arrival_cave_to_civilisation [erik_arrival_cave_to_hall],
          layout_basic, nrook_mini_backslash, minmay_worlds_worst_comb
D:2:      layout_basic, ebering_ecumenical_altar_ruins, grunt_ministairs_4,
          ebering_dispersal_statue_hall
D:3:      cheibrodos_helix_gallery, layout_basic,
          nicolae_wu_jian_immortal_techniques
D:4:      layout_basic, amcnicky_altar_gilded, minmay_temple_entry_large_hall,
          uniq_blork_the_orc
D:5:      layout_cave_pools, serial_park, serial_park_square1
          [serial_park_minivault_5x5_5], serial_park_gazebo
          [serial_park_minivault_5x5_7], serial_park_tiny_1, serial_park_square1
          [serial_park_minivault_5x5_6], serial_park_tiny_2, hex_large,
          serial_bayou_lagoon_b
D:6:      layout_basic, kennysheep_mini, serial_rivers,
          chequers_serial_rivers_micro_a, chequers_serial_rivers_small_a,
          chequers_serial_rivers_large_a, chequers_serial_rivers_micro_e,
          chequers_serial_rivers_micro_a, kennysheep_generic_room_4
D:7:      layout_loops_corners, minmay_misc_feat_encased, uniq_maggie
D:8:      layout_basic, mainiacjoe_overflow_cross_hatched, serial_shops,
          nicolae_square_shop, lightli_church_of_beogh
D:9:      layout_small_grid, mainiacjoe_overflow_big_doors, uniq_prince_ribbit1
D:10:     layout_cross, okawaru_trees_2, erik_lair_orcish_takeover
D:11:     layout_cave_pools, kennysheep_generic_room_8
D:12:     layout_basic, erik_orc_4, serial_glass, glass_columns_a,
          glass_columns_a
Lair:1:   layout_loops_ring, lemuel_fruit_fields
Lair:2:   layout_layer_cave, nicolae_lair_grove_arrangements,
          beast_lair_carwin_3
Lair:3:   layout_gridlike, minmay_swamp_entry_eels, st_stairs_6, minmay_holes,
          uniq_nergalle, uniq_urug
Lair:4:   dragon1_lemuel, layout_regular_city, nicolae_spider_entry_non_spiders,
          ebering_ghost_disaster_area, beast_lair_carwin_7
Lair:5:   layout_concentric_octagons, dpeg_slime_entry_enclosed_altar,
          infiniplex_staircase_pool_2, lemuel_fruit_fields
Lair:6:   due_jungle_book, layout_cave_pods, lemuel_oklob_altar
Swamp:1:  nicolae_swamp_secret_spriggan_hideout, layout_falls_marsh,
          ebering_ghost_disaster_area, hangedman_swamp_blocks,
          infiniplex_staircase_pool
Slime:1:  layout_caves
Orc:1:    layout_caves
Orc:2:    pubby_orc_utopia, serial_shops

Skill      XL: |  1  2  3  4  5  6  7  8  9 10 11 12 13 14 15 |
---------------+----------------------------------------------+-----
Stealth        | 3 4 5 6 7 8 9 10 | 10.9
Fighting       | 1 2 3 4 6 7 8 9 10 11 | 11.6
Conjurations   | 1 2 3 4 5 7 8 9 10 11 | 11.5
Spellcasting   | 3 4 5 7 8 9 10 11 | 11.0
Earth Magic    | 4 5 6 8 10 11 12 | 12.1
Dodging        | 3 4 5 6 7 8 |  8.5
Shields        | 2 3 4 5 6 |  6.8
Transmutations | 3 5 6 |  6.5

Action                   |  1- 3 |  4- 6 |  7- 9 | 10-12 | 13-15 || total
-------------------------+-------+-------+-------+-------+-------++-------
Melee: Dagger            |    33 |       |       |       |       ||    33
       Tentacles         |    14 |     7 |    10 |     2 |    21 ||    54
       Unarmed           |     3 |       |       |       |       ||     3
       Constrict         |    15 |     7 |     8 |     1 |     3 ||    34
       Short sword       |    16 |     9 |       |       |       ||    25
       Punch             |     1 |       |     1 |       |     1 ||     3
       Long sword        |       |    10 |    30 |     7 |    48 ||    95
       War axe           |       |     4 |       |       |       ||     4
       Staff             |       |       |     1 |     2 |       ||     3
Throw: Javelin           |       |       |     2 |       |     4 ||     6
 Cast: Sandblast         |    20 |    48 |    43 |    37 |    39 ||   187
       Stone Arrow       |       |       |    89 |   359 |   755 ||  1203
       Mephitic Cloud    |       |       |       |     2 |     4 ||     6
       Fireball          |       |       |       |       |     2 ||     2
       Petrify           |       |       |       |       |     2 ||     2
  Use: Scroll            |       |       |    15 |     8 |     7 ||    30
       Potion            |       |       |     3 |       |     2 ||     5
 Stab: Sleeping          |     7 |     7 |     2 |       |       ||    16
Armor: Skin              |     5 |     2 |     3 |    21 |    32 ||    63
Dodge: Dodged            |    69 |    30 |    41 |   116 |   221 ||   477
Block: Other             |       |       |     1 |    18 |       ||    19
       Kite shield       |       |       |       |    80 |   279 ||   359
